 Dungeon Crawl Stone Soup version 0.31.0-1-g2c135a008e (webtiles) character file.

Game seed: 5672203546401172671

361 qw the Shooter (level 6, -6/48 HPs)
             Began as a Djinni Hunter on Jan 23, 2024.
             Blown up by Ijyb (18 damage)
             ... with a mindburst bolt
             ... on level 4 of the Dungeon.
             The game lasted 00:00:13 (2764 turns).

qw the Shooter (Djinni Hunter)                      Turns: 2764, Time: 00:00:13

Health: -6/48      AC:  5    Str: 10    XL:     6   Next: 99%
Gold:   183        EV: 16    Int: 11    God:
                   SH:  0    Dex: 18

rFire   + + +        a - +2 shortbow
rCold   x . .        (shield currently unavailable)
rNeg    . . .        f - +0 ring mail
rPois   inf          (no helmet)
rElec   .            (no cloak)
rCorr   .            (no gloves)
SInv    .            (boots unavailable)
Will    .....        (no amulet)
Stlth   +            j - +5 ring of evasion
HPRegen 0.28/turn    (no ring)
MPRegen 0.00/turn

%: infuse magic (-7 HP)
@: about to teleport, flying
A: sickness immunity, fire resistance 3, cold vulnerability 1, float, innate
caster, HP casting, extra vitality 1, teleportitis 1
a: no special abilities


You were on level 4 of the Dungeon.
You visited 1 branch of the dungeon, and saw 4 of its levels.

You collected 183 gold pieces.


Innate Abilities, Weirdness & Mutations

You are immune to sickness and miasma.
You are immune to poison.
Your flesh is almost immune to the effects of heat. (rF+++)
You are vulnerable to cold. (rC-)
You float through the air rather than walking.
You learn spells naturally, not from books.
Your magical power is your life essence.
You have superior vitality. (+4 MHP)
You are occasionally teleported next to monsters.


   Skills:
 - Level 4.7 Fighting
 - Level 5.0 Ranged Weapons
 - Level 1.0 Armour
 + Level 2.7 Dodging
 - Level 0.7 Stealth


You knew the following spells:

 Your Spells              Type           Power      Damage    Failure   Level
a - Freeze                Ice            0%         1d3       65%         1
b - Static Discharge      Conj/Air       0%         3-3/arc   80%         2
Your spell library was empty.

Inventory:

Hand Weapons
 a - a +2 shortbow (weapon)
Armour
 f - a +0 ring mail (worn)
Jewellery
 j - a +5 ring of evasion (left hand)
Scrolls
 h - a scroll of teleportation
 i - a scroll of identify
Potions
 b - 2 potions of degeneration {unknown}
 c - a potion of heal wounds {unknown}
 d - a potion of haste {unknown}
 e - a potion of curing {unknown}
 g - a potion of brilliance {unknown}
 k - a potion of enlightenment

Dungeon Overview and Level Annotations

Branches:
Dungeon (4/15)
 Temple: D:4-7

Altars:
Cheibriados
Gozag

Annotations:
D:4 Ijyb


Message History

You shoot an arrow. The arrow closely misses Ijyb.
Ijyb zaps a wand.
You struggle to resist.
Ijyb hits you with a +0 dagger.
You shoot an arrow. The arrow hits Ijyb but does no damage.
Ijyb is lightly wounded.
Ijyb hits you with a +0 dagger.
You shoot an arrow. The arrow barely misses Ijyb.
Ijyb zaps a wand.
Your mind is blasted!
You shoot an arrow. The arrow hits Ijyb but does no damage.
Ijyb is lightly wounded.
Ijyb closely misses you. Ijyb hits you with a +0 dagger.
You shoot an arrow. The arrow hits Ijyb.
Ijyb is moderately wounded.
Ijyb misses you.
You shoot an arrow. The arrow hits Ijyb but does no damage.
Ijyb is moderately wounded.
Ijyb barely misses you.
You shoot an arrow. The arrow hits Ijyb.
Ijyb is heavily wounded.
Ijyb closely misses you. Ijyb barely misses you.
You shoot an arrow. The arrow hits Ijyb but does no damage.
Ijyb is heavily wounded.
Ijyb grins evilly.
Ijyb hits you with a +0 dagger.
You shoot an arrow. The arrow closely misses Ijyb.
Ijyb completely misses you.
You shoot an arrow. The arrow hits Ijyb.
Ijyb is severely wounded.
Ijyb screams, "Die!"
Ijyb hits you but does no damage. Ijyb hits you with a +0 dagger.
You shoot an arrow. The arrow hits Ijyb but does no damage.
Ijyb is severely wounded.
Ijyb misses you.
You shoot an arrow. The arrow hits Ijyb.
Ijyb is severely wounded.
Ijyb hits you with a +0 dagger.
2764 ||| READING 2 scrolls of teleportation.
As you read the scroll of teleportation, it crumbles to dust.
You feel strangely unstable.
Ijyb zaps a wand.
Your mind is blasted!
You die...

..# #...###### ## ~~#
#...#.##
~~~###.###..####
.~~.... ##....# ..~~...
#....# ....~..
#....######## ~~..~..
#............
..~~$..####....########
}.....%@.##)...#
~~....g........#
..~%...#########
..~.... ~~..... .......
....... ~~~###.


You could see Ijyb.

Vanquished Creatures
  Sigmund (D:2)
  A jelly (D:3)
  2 hounds (D:4)
  3 adders (D:2)
  2 dart slugs
  3 ribbon worms
  4 orcs (D:3)
  8 bats
  4 endoplasms
  3 giant cockroaches
  5 goblins
  7 hobgoblins
  12 jackals
  2 quokkas
  5 ball pythons
  6 frilled lizards
  6 kobolds
  5 rats
79 creatures vanquished.

Notes
Turn   | Place    | Note
-------+----------+-------------------------------------------
     0 | D:1      | qw the Djinni Hunter began the quest for the Orb.
     0 | D:1      | Reached XP level 1. HP: 18/18 MP: 0/0
     0 | D:1      | 0 ||| qw: Version: 0.3-a-135-gb77e89d
     0 | D:1      | 0 ||| qw: Game counter: 928
     0 | D:1      | 0 ||| qw: Melee chars always use a shield: true
     0 | D:1      | 0 ||| qw: God list: Okawaru
     0 | D:1      | 0 ||| qw: Allow faded altars: false
     0 | D:1      | 0 ||| qw: Do Orc after clearing Dungeon:15 true
     0 | D:1      | 0 ||| qw: Do second Lair branch before Depths: true
     0 | D:1      | 0 ||| qw: Lair rune preference: random
     0 | D:1      | 0 ||| qw: Goals: Normal
     0 | D:1      | 0 ||| PLANNING D:1-11
   227 | D:1      | Reached XP level 2. HP: 23/23 MP: 0/0
   708 | D:1      | Reached XP level 3. HP: 28/28 MP: 0/0
   708 | D:1      | Learned a level 1 spell: Freeze
   710 | D:1      | Reached skill level 4 in Ranged Weapons
   805 | D:1      | 805 ||| UPGRADING to +0 ring mail.
   815 | D:1      | 815 ||| DROPPING +0 leather armour.
   816 | D:1      | 816 ||| UPGRADING to +5 ring of evasion.
   817 | D:1      | 817 ||| READING 2 scrolls labelled QYOPRE LIRUDD.
   822 | D:1      | 822 ||| READING scroll labelled LUENKU KEGEGUF.
   822 | D:1      | 822 ||| ENCHANTING +0 shortbow.
   823 | D:1      | 823 ||| DRINKING 2 lumpy cyan potions.
   824 | D:1      | 824 ||| DRINKING 2 silvery potions.
   825 | D:1      | 825 ||| DROPPING scroll of butterflies.
   826 | D:1      | 826 ||| DROPPING potion of attraction.
   897 | D:2      | Identified the +9 dagger "Grim" {drain, *Rage rPois Will+++
                  | Dex+2}
   924 | D:2      | Reached skill level 1 in Armour
   933 | D:2      | Noticed Sigmund
   944 | D:2      | Killed Sigmund
   945 | D:2      | Reached XP level 4. HP: 22/38 MP: 0/0
   945 | D:2      | Reached XP level 5. HP: 25/42 MP: 0/0
   945 | D:2      | Learned a level 2 spell: Static Discharge
  1026 | D:2      | Reached XP level 6. HP: 48/48 MP: 0/0
  1084 | D:2      | Found an opulent altar of Gozag.
  1640 | D:2      | 1640 ||| READING scroll labelled TIVIYQE EPRI.
  1640 | D:2      | 1640 ||| IDENTIFYING white potion
  1641 | D:2      | 1641 ||| DRINKING potion of mutation.
  1641 | D:2      | Gained mutation: You are occasionally teleported next to
                  | monsters. [potion of mutation]
  1641 | D:2      | Gained mutation: Your flesh is almost immune to the effects
                  | of heat. (rF+++) [potion of mutation]
  2192 | D:3      | Found a snail-covered altar of Cheibriados.
  2193 | D:3      | 2193 ||| DRINKING 2 metallic yellow potions.
  2237 | D:3      | 2237 ||| DROPPING potion of lignification.
  2527 | D:3      | 2527 ||| READING scroll of enchant weapon.
  2527 | D:3      | 2527 ||| ENCHANTING +1 shortbow.
  2689 | D:4      | Reached skill level 5 in Ranged Weapons
  2740 | D:4      | Noticed Ijyb
  2763 | D:4      | HP: 11/48 [Ijyb/+0 dagger (4)]
  2764 | D:4      | 2764 ||| READING 2 scrolls of teleportation.
  2764 | D:4      | Blown up by Ijyb

Levels and vault maps discovered:
D:1:      amcnicky_arrival_gap_in_the_tavern_cellar, layout_basic, st_stairs_9,
          minivault_23
D:2:      layout_loops_ring, basic_altar, hangedman_glass_garden, uniq_sigmund
D:3:      layout_loops_corners, cheibrodos_worm_habitat
D:4:      cheibrodos_helix_gallery, layout_rooms, uniq_ijyb

Skill      XL: |  1  2  3  4  5  6 |
---------------+-------------------+-----
Ranged Weapons | 4 5 |  5.0
Armour         | 1 |  1.0
Fighting       | 4 |  4.7
Dodging        | |  2.7
Stealth        | |  0.7

Action                     |  1- 3 |  4- 6 || total
---------------------------+-------+-------++-------
   Fire: Shortbow          |    67 |   210 ||   277
    Use: Scroll            |     2 |     3 ||     5
         Potion            |     2 |     2 ||     4
 Armour: Leather armour    |     6 |       ||     6
         Ring mail         |    10 |    56 ||    66
  Dodge: Dodged            |    24 |   110 ||   134

Table legend:
 A = Non-vault XP
 B = Vault XP
 C = Vault XP percentage of total XP
 D = Non-vault monster count
 E = Vault monster count
 F = Vault count percentage of total count
                 A         B        C        D         E       F
            +---------+---------+-------+---------+---------+-------
      Total |     252 |     265 |  51.3 |      73 |       6 |   7.6
            +---------+---------+-------+---------+---------+-------
        D:1 |      29 |       3 |   9.4 |      17 |       2 |  10.5
        D:2 |      85 |     214 |  71.6 |      25 |       1 |   3.8
        D:3 |      86 |       4 |   4.4 |      24 |       1 |   4.0
        D:4 |      52 |      44 |  45.8 |       7 |       2 |  22.2
            +---------+---------+-------+---------+---------+-------
